 Dungeon Crawl Stone Soup version 0.13-a0-2899-gc7fce8a (webtiles) character file.

1187 Edwin the Stinger (level 8, -2/52 HPs)
             Began as a Mummy Venom Mage on Aug 30, 2013.
             Slain by an iguana skeleton (12 damage)
             ... on Level 5 of the Dungeon.
             The game lasted 00:24:26 (8599 turns).

Edwin the Stinger (Mummy Venom Mage)                Turns: 8599, Time: 00:24:26

HP  -2/52        AC  2     Str 11      XL: 8   Next:  3%
MP  11/24        EV 12     Int 16      God:
Gold 151         SH  0     Dex 12      Spells:  3 memorised,  4 levels left

Res.Fire  : x . .   See Invis. : .   p - +0 elf short sword
Res.Cold  : + . .   Warding    : .   a - +0 robe
Life Prot.: + + +   Conserve   : .   (no shield)
Res.Poison: +       Res.Corr.  : .   (no helmet)
Res.Elec. : .       Clarity    : .   (no cloak)
Sust.Abil.: . .     Spirit.Shd : .   (no gloves)
Res.Mut.  : .       Stasis     : +   (no boots)
Res.Rott. : +       Flight     : .   g - amulet of stasis
Saprovore : . . .                    (no ring)
                                     i - ring of magical power

@: somewhat resistant to hostile enchantments, unstealthy
A: no food or potions, fire vulnerability, restore body, cold resistance 1, life
protection 3, poison resistance, torment resistance, unbreathing
a: no special abilities


You were on level 5 of the Dungeon.
You were not hungry.

You visited 1 branch of the dungeon, and saw 5 of its levels.

You collected 131 gold pieces.

Inventory:

Hand weapons
 e - a +1,+0 elven short sword
 f - a -1,+1 orcish short sword
 p - a +0,+0 elven short sword (weapon)
Armour
 a - a +0 robe (worn)
Magical devices
 h - a wand of random effects (13)
 o - a wand of frost (0)
 q - a wand of digging (12)
Scrolls
 c - 3 scrolls of remove curse {unknown}
 d - 2 scrolls of magic mapping {unknown}
 k - a scroll of blinking {unknown}
 l - 2 scrolls of identify
 m - a scroll of teleportation {unknown}
 n - a scroll of curse armour {unknown}
 r - a scroll of enchant weapon II {unknown}
 s - a scroll of enchant armour {unknown}
 t - a scroll of enchant weapon I {unknown}
Jewellery
 g - an amulet of stasis (around neck)
 i - a ring of magical power (left hand)
 j - an uncursed amulet of the gourmand {unknown}
Books
 b - a Young Poisoner's Handbook

   Spells                             Type                      Level
   *Sting                             Conjuration/Poison           1
   Cure Poison                        Poison                       2
   *Mephitic Cloud                    Conjuration/Poison/Air       3
   *Olgreb's Toxic Radiance           Poison                       4
   Venom Bolt                         Conjuration/Poison           5


   Skills:
 - Level 0.1 Short Blades
 - Level 1.5 Dodging
 - Level 1.5 Stealth
 - Level 2.6 Spellcasting
 + Level 4.2 Conjurations
 + Level 3.7 Air Magic
 + Level 5.4 Poison Magic


You had 4 spell levels left.
You knew the following spells:

 Your Spells              Type           Power        Failure   Level  Hunger
a - Sting                 Conj/Pois      ###.         3%          1    N/A
b - Mephitic Cloud        Conj/Pois/Air  ###.....     12%         3    N/A
c - Olgreb's Toxic Radia  Pois           ###.....     21%         4    N/A

Dungeon Overview and Level Annotations

Branches:
Dungeon (5/27)
 Temple: D:4-7

Altars:
Cheibriados
Fedhas
Makhleb
Yredelemnul
Zin


Innate Abilities, Weirdness & Mutations

You do not eat or drink.
Your flesh is vulnerable to fire.
Your flesh is cold resistant.
You are immune to negative energy.
Your system is resistant to poisons.
You are immune to unholy pain and torment.
You can survive without breathing.


Message History

The iguana bites you.
Casting: Sting
Confirm with . or Enter, or press ? or * to list all spells.
Aiming: Sting
Press: ? - help, Shift-Dir - straight line, f/p - iguana
Aim: an iguana (almost dead, poisoned)
The sting hits the iguana.
The iguana looks even sicker.
The iguana is almost dead.
The iguana skeleton misses you. The iguana barely misses you.
You hit the iguana but do no damage.
The iguana is almost dead.
You kill the iguana!
The iguana skeleton bites you.
You hit the iguana skeleton. The iguana skeleton closely misses you.
You hit the iguana skeleton. The iguana skeleton bites you!
* * * LOW HITPOINT WARNING * * *
You hit the iguana skeleton.
The ogre seems less confused.
You hit the iguana skeleton but do no damage.
The iguana skeleton bites you!
You die...

##.#.# ....#
####...# ......#
.....# ####..%#
###......#####O..
#......$..z.....#
#.#.....%@#ยง....#
#....#.## ...
#..#.#.# . #. #
#.# . #.# ... ...
... #


You could see an ogre and an iguana skeleton.

Vanquished Creatures
  Prince Ribbit (D:4)
  An orc warrior (D:4)
  Sigmund (D:2)
  Duvessa (D:4)
  Blork the orc (D:4)
  Dowan (D:4)
  2 orc priests (D:4)
  4 hounds
  2 orc wizards (D:4)
  An iguana (D:5)
  A scorpion (D:4)
  3 worker ants
  Ijyb (D:4)
  Jessica (D:2)
  6 adders
  A giant mite (D:4)
  3 giant geckos (D:3)
  2 oozes
  8 orcs
  10 bats
  A bat skeleton (D:4)
  6 giant cockroaches
  12 goblins
  11 hobgoblins
  2 quokkas
  A giant gecko skeleton (D:4)
  4 giant newts
  A goblin skeleton (D:4)
  5 jackals (D:1)
  9 kobolds
  7 rats
110 creatures vanquished.

Vanquished Creatures (collateral kills)
  A goblin (D:4)
1 creature vanquished.

Grand Total: 111 creatures vanquished

Notes
Turn   | Place    | Note
--------------------------------------------------------------
     0 | D:1      | Edwin, the Mummy Venom Mage, began the quest for the Orb.
     0 | D:1      | Reached XP level 1. HP: 13/13 MP: 3/3
   787 | D:1      | Reached XP level 2. HP: 19/19 MP: 1/4
  1058 | D:1      | Reached skill level 1 in Conjurations
  2161 | D:2      | Reached XP level 3. HP: 17/24 MP: 1/6
  2252 | D:2      | Learned a level 3 spell: Mephitic Cloud
  2274 | D:2      | Noticed Jessica
  2294 | D:2      | Found a glowing silver altar of Zin.
  2338 | D:2      | Noticed Sigmund
  2457 | D:2      | Killed Sigmund
  2457 | D:2      | Reached XP level 4. HP: 13/30 MP: 1/8
  2652 | D:2      | Killed Jessica
  3167 | D:2      | Found a basalt altar of Yredelemnul.
  3183 | D:2      | Learned a level 4 spell: Olgreb's Toxic Radiance
  3503 | D:2      | Found a snail-covered altar of Cheibriados.
  4727 | D:3      | Reached XP level 5. HP: 35/35 MP: 10/10
  4959 | D:3      | Found a blossoming altar of Fedhas.
  4962 | D:3      | Reached skill level 4 in Poison Magic
  4999 | D:3      | Reached skill level 1 in Air Magic
  6438 | D:4      | Noticed an orc warrior
  6450 | D:4      | Killed an orc warrior
  6450 | D:4      | Reached XP level 6. HP: 33/41 MP: 1/11
  6634 | D:4      | Noticed Ijyb
  6821 | D:4      | Noticed Duvessa
  6824 | D:4      | Noticed Dowan
  6839 | D:4      | Killed Dowan
  7165 | D:4      | Killed Duvessa
  7165 | D:4      | Reached XP level 7. HP: 46/46 MP: 9/13
  7386 | D:4      | Killed Ijyb
  7508 | D:4      | Reached skill level 5 in Poison Magic
  7648 | D:4      | Noticed Prince Ribbit
  7671 | D:4      | Killed Prince Ribbit
  7948 | D:4      | Found a burning altar of Makhleb.
  7948 | D:4      | Noticed a green death
  7951 | D:4      | Noticed a smoke demon
  7951 | D:4      | Noticed an orange demon
  7988 | D:4      | Noticed Blork the orc
  8012 | D:4      | Killed Blork the orc
  8575 | D:5      | Entered Level 5 of the Dungeon
  8581 | D:5      | Reached XP level 8. HP: 45/52 MP: 15/15
  8599 | D:5      | Slain by an iguana skeleton

Action                   |  1- 3 |  4- 6 |  7- 9 || total
-------------------------+-------+-------+-------++-------
Melee: Unarmed           |     1 |       |       ||     1
       Short sword       |    19 |    49 |    13 ||    81
 Cast: Sting             |    51 |   140 |    72 ||   263
       Mephitic Cloud    |     2 |    10 |    10 ||    22
       Olgreb's Toxic Ra |       |     3 |     1 ||     4
Evoke: Wand              |       |     2 |       ||     2
  Use: Scroll            |     3 |       |       ||     3
 Stab: Sleeping          |       |     1 |       ||     1
